 Dungeon Crawl Stone Soup version 0.30-a0-937-ga0a21ad780 (webtiles) character file.

Game seed: 18425478824943833682

11712 funkygono the Cleaver (level 11, -7/99 HPs)
             Began as a Minotaur Fighter on Mar 24, 2023.
             Was a High Priest of Okawaru.
             Mangled by a black mamba (12 damage)
             ... on level 1 of the Lair of Beasts.
             The game lasted 00:19:01 (11497 turns).

funkygono the Cleaver (Minotaur Fighter)           Turns: 11497, Time: 00:19:01

Health: -7/99      AC: 21    Str: 25    XL:     11   Next: 52%
Magic:  11/11      EV:  8    Int:  5    God:    Okawaru [*****.]
Gold:   490        SH: 10    Dex: 10    Spells: 10/10 levels left

rFire   . . .      SeeInvis .    a - +0 war axe
rCold   . . .      Faith    .    c - +0 buckler
rNeg    . . .      Spirit   .    i - +0 plate armour
rPois   .          Reflect  +    j - +2 hat
rElec   .          Rampage  .    q - +0 cloak
rCorr   .                        F - +1 pair of gloves
Will    .....                    (no boots) Stlth
                                 e - amulet of reflection
HPRegen 0.36/turn                u - ring of wizardry
MPRegen 0.12/turn                (no ring)

@: no status effects
A: horns 2, retaliatory headbutt
a: Renounce Religion, Heroism, Finesse, Duel


You were on level 1 of the Lair of Beasts.
You worshipped Okawaru.
Okawaru was extremely pleased with you.
You visited 3 branches of the dungeon, and saw 13 of its levels.

You collected 586 gold pieces.
You spent 96 gold pieces at shops.

Inventory:

Hand Weapons
 a - a +0 war axe (weapon)
Missiles
 n - 18 poisoned darts (quivered)
 B - 3 throwing nets
 K - a curare-tipped dart
Armour
 c - a +0 buckler (worn)
 i - a +0 plate armour (worn)
 j - a +2 hat (worn)
 q - a +0 cloak (worn)
 F - a +1 pair of gloves (worn)
Jewellery
 e - an amulet of reflection (around neck)
 u - a ring of wizardry (left hand)
 v - an amulet of guardian spirit
Wands
 t - a wand of iceblast (19)
 y - a wand of flame (32)
 E - a wand of light (11)
 N - a wand of digging (4)
Scrolls
 b - 4 scrolls of magic mapping
 k - 2 scrolls of enchant armour
 l - 7 scrolls of teleportation
 x - 2 scrolls of poison
 D - a scroll of immolation
 L - a scroll of silence
Potions
 d - 4 potions of might
 f - 3 potions of mutation
 g - 3 potions of curing
 h - 2 potions of magic
 m - 4 potions of flight
 o - a potion of cancellation {unknown}
 p - a potion of lignification {unknown}
 s - 2 potions of ambrosia
 w - a potion of invisibility {unknown}
 C - 3 potions of haste
 G - a potion of berserk rage {unknown}
 H - 2 potions of heal wounds {unknown}
 J - a potion of resistance {unknown}


   Skills:
 + Level 9.9 Fighting
 + Level 13.9 Axes
 + Level 11.5 Armour
 + Level 3.0 Dodging
 + Level 2.4 Stealth
 + Level 8.4 Shields
 + Level 0.4 Unarmed Combat
 + Level 2.2 Invocations


You had 10 spell levels left.
You didn't know any spells.
Your spell library contained the following spells:

 Spells                   Type           Power      Damage    Failure   Level
 Freeze                   Ice            0%         1d3       91%         1
 Magic Dart               Conj           0%         1d3       91%         1
 Searing Ray              Conj           0%         2d4       97%         2
 Sublimation of Blood     Necr           0%         N/A       97%         2
 Wereblood                Tmut           0%         N/A       97%         2
 Frozen Ramparts          Ice            0%         1d1       99%         3
 Hailstorm                Conj/Ice       0%         3d3       99%         3
 Ignite Poison            Fire/Tmut/Pois 0%         N/A       99%         3
 Kindle Blastsparks       Fire/Tloc/Air  0%         2d10      99%         3
 Fulminant Prism          Conj/Hex       0%         3d5       100%        4
 Freezing Cloud           Conj/Ice/Air   0%         6-21      100%        5
 Summon Hydra             Summ           Unusable   N/A       N/A         7

Dungeon Overview and Level Annotations

Branches:
Dungeon (11/15)            Temple (1/1) D:4            Lair (1/5) D:11
    Orc: D:9-12

Altars:
Ashenzari
Cheibriados
Dithmenos
Elyvilon
Fedhas
Gozag
Hepliaklqana
Kikubaaqudgha
Makhleb
Nemelex Xobeh
Okawaru
Qazlal
Ru
Sif Muna
Trog
Uskayaw
Vehumet
Wu Jian
Xom
Yredelemnul
Zin
The Shining One

Shops:
D:4 ?   D:8 [

Annotations:
D:3 2 transporters, Aldia's ghost, amateur GrEE
D:10 1 runed translucent door, CoolSool's ghost, journeyman MiHu


Innate Abilities, Weirdness & Mutations

You have a pair of horns on your head.
You reflexively headbutt those who attack you in melee.


Message History

You feel sick. The black mamba bites you!
You are more poisoned.
The black mamba poisons you! You block the black mamba's attack.
You closely miss the black mamba. You headbutt the black mamba!
The black mamba is severely wounded.
You feel extremely sick. The black mamba bites you!
You hit the black mamba but do no damage.
The black mamba is severely wounded.
You feel very sick.
The black mamba bites you but does no damage.
The black mamba bites you!
You are lethally poisoned!
The black mamba poisons you!
You barely miss the black mamba. You headbutt the black mamba.
The black mamba is severely wounded.
* * * LOW HITPOINT WARNING * * *
You feel extremely sick. You block the black mamba's attack.
You miss the black mamba.
The black mamba is severely wounded.
* * * LOW HITPOINT WARNING * * *
You feel extremely sick.
The black mamba bites you but does no damage.
You block the black mamba's attack.
You feel better. You block the black mamba's attack. The black mamba bites you!
* * * LOW HITPOINT WARNING * * *
You closely miss the black mamba. Your headbutt misses the black mamba.
The black mamba is severely wounded.
The black mamba bites you.
* * * LOW HITPOINT WARNING * * *
You closely miss the black mamba. Your headbutt misses the black mamba.
The black mamba is severely wounded.
The black mamba bites you but does no damage.
The black mamba bites you.
* * * LOW HITPOINT WARNING * * *
You slash the black mamba!
The black mamba is almost dead.
The black mamba bites you!
You die...

..P# P##.##...#.#
..##...........##
................##
..##.............##
....#.............#
..................#
.................=#
..................#
...>............@##
................S#
.....# ##.#.#...#
...... ...##..## ..
##. #.. . ... ....
....[


You could see a black mamba.

Vanquished Creatures
  4 two-headed ogres
  An orange crystal statue (D:10)
  Pikel (D:5)
  A cyclops (D:11)
  A cane toad (Lair:1)
  A komodo dragon (Lair:1)
  3 trolls
  Prince Ribbit (D:4)
  2 hornets
  4 blink frogs (Lair:1)
  11 yaks
  A wyvern (D:9)
  3 wraiths
  A steam dragon (D:8)
  A water moccasin (Lair:1)
  2 ice beasts
  A black bear (D:3)
  An ogre (D:5)
  3 centaurs
  5 wolves (Lair:1)
  A lemure (D:5)
  2 kobold brigands
  7 bullfrogs
  3 scorpions
  3 wights (D:9)
  13 killer bees
  A howler monkey (D:4)
  6 orc priests
  2 jellies
  3 hounds
  Crazy Yiuf (D:6)
  2 gnoll boudas
  A sleepcap (D:3)
  4 orc wizards
  13 gnolls
  7 adders
  An ufetubus (D:6)
  A worm (D:2)
  2 dart slugs
  15 orcs
  7 ball pythons
  8 bats
  3 endoplasms (D:1)
  4 giant cockroaches
  7 goblins (D:1)
  6 hobgoblins
  9 kobolds
  3 quokkas
  2 frilled lizards
  2 rats
187 creatures vanquished.

Vanquished Creatures (others)
  A human (D:5)
  2 fungi (Lair:1)
  A plant (Lair:1)
  2 withered plants (D:10)
6 creatures vanquished.

Grand Total: 193 creatures vanquished

Notes
Turn   | Place    | Note
-------+----------+-------------------------------------------
     0 | D:1      | funkygono the Minotaur Fighter began the quest for the Orb.
     0 | D:1      | Reached XP level 1. HP: 19/19 MP: 0/0
   155 | D:1      | Reached XP level 2. HP: 23/27 MP: 1/1
   275 | D:1      | Found a faded altar of an unknown god.
   982 | D:2      | Reached XP level 3. HP: 33/33 MP: 2/2
  1076 | D:2      | Reached skill level 3 in Axes
  1714 | D:3      | Found a transporter.
  1811 | D:3      | Found a transporter.
  1860 | D:3      | Reached XP level 4. HP: 34/40 MP: 3/3
  2160 | D:3      | Noticed Aldia's ghost (amateur GrEE)
  2380 | D:4      | Found Bidexir's Magic Scroll Shop.
  2384 | D:4      | Bought a scroll of identify for 24 gold pieces
  2389 | D:4      | Found a staircase to the Ecumenical Temple.
  2389 | D:4      | Noticed a black bear
  2403 | D:3      | Reached skill level 4 in Axes
  2558 | D:4      | Reached XP level 5. HP: 21/47 MP: 2/4
  2658 | D:3      | Killed a black bear
  2659 | D:3      | Reached skill level 5 in Fighting
  2659 | D:3      | Reached skill level 5 in Armour
  2696 | D:4      | Reached skill level 1 in Stealth
  2696 | D:4      | Reached XP level 6. HP: 42/56 MP: 3/5
  2779 | Temple   | Entered the Ecumenical Temple
  2795 | Temple   | Became a worshipper of Warmaster Okawaru
  3136 | D:4      | Reached skill level 5 in Axes
  3328 | D:5      | Entered Level 5 of the Dungeon
  3356 | D:5      | Noticed an ice beast
  3359 | D:5      | Noticed Prince Ribbit
  3360 | D:5      | Killed an ice beast
  3361 | D:5      | Reached skill level 1 in Dodging
  3476 | D:4      | Killed Prince Ribbit
  3476 | D:4      | Reached * piety under Okawaru
  3477 | D:4      | Reached skill level 6 in Axes
  3477 | D:4      | Reached XP level 7. HP: 34/61 MP: 4/6
  3884 | D:5      | Found an ancient bone altar of Kikubaaqudgha.
  3884 | D:5      | Noticed a human
  3889 | D:5      | Killed a human
  3991 | D:5      | Noticed Pikel
  4005 | D:5      | Killed Pikel
  4006 | D:5      | Reached skill level 7 in Axes
  4006 | D:5      | Reached XP level 8. HP: 61/71 MP: 3/7
  4469 | D:6      | Reached skill level 5 in Shields
  4486 | D:6      | Found a shimmering blue altar of Sif Muna.
  4550 | D:6      | Found a runed translucent door.
  4551 | D:6      | Noticed Crazy Yiuf
  4636 | D:6      | Found an ornate altar of the Wu Jian Council.
  4863 | D:6      | Reached skill level 1 in Invocations
  4999 | D:6      | Found a snail-covered altar of Cheibriados.
  5168 | D:6      | Killed Crazy Yiuf
  5169 | D:6      | Reached skill level 8 in Axes
  5174 | D:6      | Identified the +6 hammer "Aclinaorr" {vamp, Int+5}
  5563 | D:7      | Found a shimmering altar of Xom.
  5786 | D:7      | Reached XP level 9. HP: 79/79 MP: 6/9
  5813 | D:7      | Found a sacrificial altar of Ru.
  6023 | D:7      | Found a burning altar of Makhleb.
  6280 | D:8      | Identified the +1 robe of the Fletcher {+Inv rN+ Str-3
                  | Dex+3}
  6617 | D:8      | Reached skill level 9 in Axes
  6952 | D:8      | Found Ra's Dragon-Slaying Spoils.
  7457 | D:9      | Reached skill level 10 in Axes
  7609 | D:9      | Noticed a troll
  7618 | D:9      | Killed a troll
  7687 | D:9      | Reached ** piety under Okawaru
  7725 | D:9      | Reached XP level 10. HP: 60/88 MP: 7/10
  7981 | D:9      | Found a hazy altar of Hepliaklqana.
  8047 | D:9      | Noticed a two-headed ogre
  8054 | D:9      | Killed a two-headed ogre
  8055 | D:9      | Reached skill level 11 in Axes
  8055 | D:9      | Reached skill level 10 in Armour
  8199 | D:9      | Reached *** piety under Okawaru
  8518 | D:4      | Bought a scroll of identify for 24 gold pieces
  8518 | D:4      | Bought a scroll of identify for 24 gold pieces
  8518 | D:4      | Bought a scroll of identify for 24 gold pieces
  8621 | D:10     | Entered Level 10 of the Dungeon
  8621 | D:10     | Found a stormy altar of Qazlal.
  8621 | D:10     | Found a blossoming altar of Fedhas.
  8621 | D:10     | Found a sparkling altar of Nemelex Xobeh.
  8621 | D:10     | Found a broken altar of Ashenzari.
  8737 | D:10     | Noticed CoolSool's ghost (journeyman MiHu)
  8738 | D:10     | Found a runed translucent door.
  8760 | D:10     | Paralysed by a hornet for 3 turns
  9014 | D:10     | Noticed an orange crystal statue
  9318 | D:10     | Killed an orange crystal statue
  9493 | D:10     | Noticed a two-headed ogre
  9503 | D:10     | HP: 1/90 [two-headed ogre/+0 giant club (15)]
  9505 | D:10     | Killed a two-headed ogre
  9506 | D:10     | Reached skill level 12 in Axes
 10113 | D:11     | Found a staircase to the Lair.
 10125 | D:11     | Noticed a two-headed ogre
 10133 | D:11     | Killed a two-headed ogre
 10133 | D:11     | Reached **** piety under Okawaru
 10282 | D:11     | Noticed a cyclops
 10299 | D:11     | Killed a cyclops
 10396 | D:11     | Reached XP level 11. HP: 96/97 MP: 11/11
 10410 | D:11     | Noticed a two-headed ogre
 10422 | D:11     | Killed a two-headed ogre
 10422 | D:11     | Reached ***** piety under Okawaru
 10423 | D:11     | Reached skill level 13 in Axes
 10831 | Lair:1   | Entered Level 1 of the Lair of Beasts
 11291 | Lair:1   | Received a gift from Okawaru
 11497 | Lair:1   | Mangled by a black mamba

Illustrated notes

Levels and vault maps discovered:
D:1:      dpeg_arrival_solitude, layout_loops_ring,
          ebering_ecumenical_altar_rust
D:2:      layout_loops_corners
D:3:      layout_rooms, gammafunk_ghost_arena, nicolae_eternal_life
D:4:      layout_rooms, minmay_temple_entry_proselytizer, serial_curves,
          eino_curves_03, eino_curves_02, serial_shops,
          nicolae_shop_hallway_stairs
D:5:      layout_rooms, tgw_kikubaaqudgha, uniq_prince_ribbit1, uniq_pikel
D:6:      layout_basic, mainiacjoe_overflow_alcove_4, nzn_wu_jian_contemplation,
          nicolae_sif_muna_little_library, uniq_crazy_yiuf_cottage
D:7:      layout_loops_ring, nicolae_ru_awakened_eye, lemuel_crystal_altar,
          makhleb_heckhound_becter, minmay_hedge_maze
D:8:      layout_loops_corners, nicolae_shop_dragon_depot
D:9:      layout_small_grid, mainiacjoe_overflow_boulevard,
          kennysheep_generic_room_7
D:10:     minmay_statue_hallways, layout_rooms,
          chequers_temple_overflow_statue_of_worship, gammafunk_ghost_grave
D:11:     layout_rooms, lair_entry_dummy
Temple:   chequers_temple_sunken
Lair:1:   layout_gridlike, grunt_megastairs_2, uniq_maggie

Skill      XL: |  1  2  3  4  5  6  7  8  9 10 11 |
---------------+----------------------------------+-----
Fighting       | 4 5 6 7 8 9 |  9.9
Armour         | 4 5 6 7 8 9 11 | 11.5
Shields        | 4 5 6 7 8 |  8.4
Axes           | 3 4 6 7 8 10 12 13 | 13.9
Stealth        | 1 2 |  2.4
Dodging        | 1 2 3 |  3.0
Invocations    | 1 2 |  2.2
Unarmed Combat | |  0.4

Action                     |  1- 3 |  4- 6 |  7- 9 | 10-12 || total
---------------------------+-------+-------+-------+-------++-------
  Melee: War axe           |    91 |    66 |   187 |   283 ||   627
         Headbutt          |    11 |    16 |    23 |    68 ||   118
         Unarmed           |       |       |     6 |       ||     6
 Invoke: Heroism           |       |       |    18 |     6 ||    24
    Use: Scroll            |       |     2 |    11 |     5 ||    18
         Potion            |       |       |       |     2 ||     2
 Armour: Scale mail        |    43 |    27 |    17 |       ||    87
         Plate armour      |       |       |    82 |   144 ||   226
         Skin              |       |       |     1 |       ||     1
  Dodge: Dodged            |    38 |    30 |    59 |    88 ||   215
  Block: Buckler           |    26 |    20 |    79 |   154 ||   279
         Reflection        |       |       |       |     8 ||     8

Table legend: (Time is in decaauts)
 A = Elapsed time spent in this place.
 B = Non-inter-level travel time spent in this place.
 C = Inter-level travel time spent in this place.
 D = Time resting spent in this place.
 E = Time spent auto-exploring this place.
 F = Levels seen in this place.
 G = Mean time per level.
                   A        B        C        D        E       F      G
               +--------+--------+--------+--------+--------+-----+--------+
         Total |  11613 |  11149 |    464 |    411 |   8983 |  13 |  893.3 |
       Dungeon |  10746 |  10316 |    430 |    411 |   8314 |  11 |  976.9 |
        Temple |    222 |    190 |     32 |      0 |    179 |   1 |  222.0 |
          Lair |    644 |    644 |      0 |      0 |    489 |   1 |  644.0 |
               +--------+--------+--------+--------+--------+-----+--------+

Top non-repeatable levels by time:
    D:10: 1416 daAuts
     D:9: 1252 daAuts
     D:8: 1083 daAuts
     D:6: 1076 daAuts
     D:3: 973 daAuts
     D:7: 949 daAuts
     D:2: 846 daAuts
     D:1: 835 daAuts
     D:4: 825 daAuts
    D:11: 791 daAuts
     D:5: 696 daAuts
  Lair:1: 644 daAuts
  Temple: 222 daAuts
